 Dungeon Crawl Stone Soup version 0.16.1-18-g436b03c (webtiles) character file.

28 Yurihasu the Chopper (level 3, -1/33 HPs)
             Began as a Deep Dwarf Chaos Knight on May 2, 2015.
             Slain by an iguana (5 damage)
             ... on level 2 of the Dungeon.
             The game lasted 00:09:36 (2710 turns).

Yurihasu the Chopper (Deep Dwarf Chaos Knight)      Turns: 2710, Time: 00:09:36

Health: -1/33      AC:  9    Str: 16    XL:     3   Next: 0%
Magic:  3/3        EV:  2    Int: 12    God:    Xom [*.....]
Gold:   25         SH: 10    Dex: 12    Spells: 0 memorised, 2 levels left

rFire  . . .     SeeInvis .     a - +0 hand axe (chaos)
rCold  . . .     Clarity  .     j - +0 chain mail
rNeg   . . .     SustAb   .     f - +0 large shield
rPois  .         Gourm    .     (no helmet)
rElec  .         Spirit   .     (no cloak)
rCorr  .         Warding  .     (no gloves)
rMut   .         Stasis   .     i - +0 pair of boots
MR     .....                    g - amulet of inaccuracy (curse)
Stlth  ..........               (no ring)
                                (no ring)

@: starving, non-regenerating, not resistant to hostile enchantments, extremely
unstealthy
A: damage resistance, recharge devices, sense surroundings 1, slow healing 3
a: Device Recharging, Renounce Religion


You were on level 2 of the Dungeon.
You worshipped Xom.
You were a special plaything of Xom.
You were starving.

You visited 1 branch of the dungeon, and saw 2 of its levels.

You collected 25 gold pieces.

Inventory:

Hand weapons
 a - a +0 hand axe of chaos (weapon)
Armour
 b - a +2 leather armour
 f - a +0 large shield (worn)
 i - a +0 pair of boots (worn)
 j - a +0 chain mail (worn)
Jewellery
 g - a cursed amulet of inaccuracy (around neck)
 l - an uncursed ring of see invisible {unknown}
Magical devices
 c - a wand of heal wounds (5)
Scrolls
 k - a scroll of enchant weapon {unknown}
 m - a scroll of teleportation
 q - a scroll of enchant armour {unknown}
 r - 2 scrolls of remove curse {unknown}
Potions
 e - a potion of agility {unknown}
 h - 2 potions of restore abilities {unknown}
 n - a potion of heal wounds {unknown}
Comestibles
 d - a bread ration
 o - a meat ration
 p - a slice of pizza


   Skills:
 - Level 2.7 Fighting
 + Level 4.5 Axes
 - Level 2.2 Armour
 - Level 1.1 Dodging


You had 2 spell levels left.
You didn't know any spells.

Dungeon Overview and Level Annotations

Branches:
Dungeon (2/15)

Altars:
Okawaru


Innate Abilities, Weirdness & Mutations

You are resistant to damage.
You can recharge devices by infusing magical energy.
You passively map a small area around you.
You do not heal naturally.


Message History

You barely miss the iguana.
The iguana is moderately wounded.
The iguana bites you.
You miss the iguana.
The iguana is moderately wounded.
The iguana bites you. x2
You closely miss the iguana.
The iguana is moderately wounded.
The iguana bites you!
* * * LOW HITPOINT WARNING * * *
You closely miss the iguana.
The iguana is moderately wounded.
You block the iguana's attack.
You hit the iguana. You freeze the iguana.
The iguana is severely wounded.
You block the iguana's attack.
You miss the iguana.
The iguana is severely wounded.
The iguana bites you!
You die...

###.# * ... #..### #.#,
##..##....# ###.# ......##.#
* .##)# * #.#..##.# ** * * *
.'..# #....##.# ,,
.##########...##.#
###########**,
.+,,..........##.#
#.........# ,, .#
#######...##l#,#.#######.#.##
.#,, #........##@#, , , ,#...
.# ,#.#.##...##.# * * #.#. .#
,# #.#....# , , , # .. .# *
#.#.#### ** .#. .# * *#.#>. ,
, #.#. .#, #.#### * * *# ##
.#, #.# ,* ,* .#, #.# * * *
** .# ,,,, ,#.# ,


You could see an iguana.

Vanquished Creatures
  An adder (D:2)
  A ball python (D:1)
  3 hobgoblins
  4 kobolds (D:1)
  A bat (D:1)
  A giant gecko (D:1)
  5 goblins (D:1)
  3 rats (D:1)
19 creatures vanquished.

Notes
Turn   | Place    | Note
--------------------------------------------------------------
     0 | D:1      | Yurihasu, the Deep Dwarf Chaos Knight, began the quest for the Orb.
     0 | D:1      | Reached XP level 1. HP: 20/20 MP: 1/1
  1049 | D:1      | XOM: harmless Divn miscast
  1296 | D:1      | Reached XP level 2. HP: 21/27 MP: 2/2
  1529 | D:1      | XOM: divination: detect items
  1624 | D:1      | Reached skill level 4 in Axes
  1625 | D:1      | XOM: cast spell 'Blink'
  2273 | D:1      | XOM: harmless Conj miscast
  2493 | D:1      | XOM: divination: detect creatures
  2530 | D:1      | XOM: divination: detect creatures
  2642 | D:2      | Reached XP level 3. HP: 22/33 MP: 3/3
  2664 | D:2      | Found an iron altar of Okawaru.
  2664 | D:2      | XOM: 5-stop teleportation journey
  2698 | D:2      | XOM: polymorph adder -> iguana
  2701 | D:2      | XOM: enchant monster (bad)
  2710 | D:2      | Slain by an iguana

Action                   || total
-------------------------++-------
Melee: Hand axe          ||   114
  Use: Scroll            ||     1
  Eat: Chunk             ||     3
